 Dungeon Crawl Stone Soup version 0.24.0-1-gfbc8707 (webtiles) character file.

Game seed: 7254826357920733020, levelgen mode: deterministic

4494 Faca the Archer (level 10, 0/91 HPs)
             Began as a Centaur Hunter on Oct 29, 2019.
             Was a Believer of Okawaru.
             Succumbed to a killer bee's poison
             ... on level 8 of the Dungeon.
             The game lasted 00:37:42 (14049 turns).

Faca the Archer (Centaur Hunter)                   Turns: 14049, Time: 00:37:43

Health: 0/91       AC:  8    Str: 18    XL:     10   Next: 16%
Magic:  9/10       EV:  8    Int: 10    God:    Okawaru [**....]
Gold:   205        SH:  0    Dex: 10    Spells: 9/9 levels left

rFire    + . .     SeeInvis .   c - +0 trident
rCold    + . .     Gourm    .   (no shield)
rNeg     . . .     Faith    .   m - +0 ring mail
rPois    .         Spirit   .   k - +0 helmet
rElec    .         Reflect  .   y - +1 cloak
rCorr    .         Harm     .   (no gloves)
MR       .....                  (no barding)
Stlth    ..........             (no amulet)
HPRegen  0.25/turn              e - ring of protection from cold
MPRegen  0.12/turn              o - ring of protection from fire

@: lethally poisoned (0 -> -6), very quick
A: large, hooves 3, deformed body, speed 2, tough skin 3
a: Heroism, Renounce Religion


You were on level 8 of the Dungeon.
You worshipped Okawaru.
Okawaru was pleased with you.
You were not hungry.

You visited 2 branches of the dungeon, and saw 9 of its levels.

You collected 205 gold pieces.

Inventory:

Hand Weapons
 a - a +1 shortbow
 c - a +0 trident (weapon)
Missiles
 d - 104 arrows
Armour
 k - a +0 helmet (worn)
 m - a +0 ring mail (worn)
 y - a +1 cloak (worn)
Jewellery
 e - a ring of protection from cold (left hand)
 o - a ring of protection from fire (right hand)
Wands
 i - a wand of digging (1)
 r - a wand of enslavement (7)
 t - a wand of paralysis (5)
Scrolls
 b - 3 scrolls of teleportation {unknown}
 g - a scroll of enchant weapon {unknown}
 j - 5 scrolls of remove curse
 p - 2 scrolls of identify
 u - a scroll of fear {unknown}
Potions
 h - a potion of agility
 l - 2 potions of brilliance
 n - 2 potions of lignification
 v - a potion of invisibility
 w - a potion of degeneration {unknown}
Comestibles
 f - 11 rations


   Skills:
 + Level 9.1 Fighting
 + Level 7.2 Polearms
 + Level 12.4 Bows
 - Level 1.3 Dodging
 - Level 0.4 Stealth


You had 9 spell levels left.
You didn't know any spells.
Your spell library contained the following spells:

 Spells                   Type           Power        Failure   Level  Hunger
 Bolt of Magma            Conj/Fire/Erth #.........   100%        5    ######.
 Iskenderun's Battlesphe  Conj/Chrm      #.......     100%        5    ######.
 Venom Bolt               Conj/Pois      #.........   100%        5    ######.
 Iron Shot                Conj/Erth      #.........   100%        6    #######
 Orb of Destruction       Conj           #.........   100%        7    #######
 Spellforged Servitor     Conj/Summ      #.........   100%        7    #######


Dungeon Overview and Level Annotations

Branches:
Dungeon (8/15)             Temple (1/1) D:4
   Lair: D:8-11

Altars:
Ashenzari
Cheibriados
Dithmenos
Elyvilon
Fedhas
Gozag
Hepliaklqana
Kikubaaqudgha
Makhleb
Nemelex Xobeh
Okawaru
Qazlal
Ru
Sif Muna
Trog
Uskayaw
Vehumet
Wu Jian
Xom
Yredelemnul
Zin
The Shining One

Annotations:
D:3 Grinder
D:6 1 runed translucent door, Naeght's ghost, novice GrGl
D:7 exclusion: oklob plant


Innate Abilities, Weirdness & Mutations

You have hooves in place of feet.
Armour fits poorly on your strangely shaped body.
You cover ground very quickly.
You have extremely tough skin. (AC +3)


Message History

Okawaru accepts your kill.
Your life force feels restored.
* * * LOW HITPOINT WARNING * * *
You feel sick.
* * * LOW HITPOINT WARNING * * *
You feel sick.
You see here a killer bee corpse.
* * * LOW HITPOINT WARNING * * *
You feel sick.
You feel like a meek peon again.
* * * LOW HITPOINT WARNING * * *
You feel sick.
Found a chain mail.
* * * LOW HITPOINT WARNING * * *
You feel sick.
* * * LOW HITPOINT WARNING * * *
You feel sick.
* * * LOW HITPOINT WARNING * * *
You feel sick.
You die...

...<..#†#.##
..........##
#..#..##...##
#..#.. ##...# .#
....##..#####...
#......#.##.....#
...[............#
.......#.#.....
#......#@# ....
#.###........##
#.....###...##
..... ..... .....
....## .....
....# . #..## ###


There were no monsters in sight!

Vanquished Creatures
  Pikel (D:6)
  Joseph (D:7)
  A spriggan (D:7)
  Eustachio (D:6)
  A hungry ghost (D:7)
  Edmund (D:5)
  A water moccasin (D:6)
  2 orc warriors (D:7)
  2 sky beasts
  A slave (D:7)
  A black bear (D:8)
  4 ogres
  2 centaurs (D:7)
  A big kobold (D:7)
  3 bullfrogs
  2 scorpions (D:4)
  5 killer bees (D:8)
  3 howler monkeys
  A wight (D:8)
  2 crimson imps
  A bullfrog zombie (D:5)
  A centaur skeleton (D:7)
  3 hounds
  8 jellies
  2 orc priests
  3 orc wizards
  Crazy Yiuf (D:6)
  2 bullfrog skeletons (D:5)
  2 iguanas (D:4)
  8 worker ants
  2 hound zombies
  3 hound skeletons
  Robin (D:1)
  4 gnolls (D:6)
  A howler monkey skeleton (D:4)
  11 adders
  2 shadow imps
  12 oozes
  An adder zombie (D:6)
  An adder skeleton (D:6)
  3 dart slugs
  8 leopard geckos
  16 orcs
  2 giant cockroaches
  15 goblins
  9 hobgoblins
  8 jackals
  15 kobolds
  A quokka (D:5)
  6 bats
  8 frilled lizards
  A jackal skeleton (D:4)
  A jackal zombie (D:7)
  13 rats
211 creatures vanquished.

Vanquished Creatures (others)
  A slave (D:7)
  A jelly (D:7)
  6 fungi (D:7)
8 creatures vanquished.

Grand Total: 219 creatures vanquished

Notes
Turn   | Place    | Note
-------+----------+-------------------------------------------
     0 | D:1      | Faca the Centaur Hunter began the quest for the Orb.
     0 | D:1      | Reached XP level 1. HP: 17/17 MP: 1/1
   108 | D:1      | Reached XP level 2. HP: 24/25 MP: 2/2
   332 | D:1      | Reached skill level 6 in Bows
   478 | D:1      | You fall into a shaft and drop 1 floor!
   498 | D:2      | Reached XP level 3. HP: 18/30 MP: 3/3
  1117 | D:2      | Reached XP level 4. HP: 14/38 MP: 4/4
  1728 | D:2      | Noticed Robin
  1731 | D:2      | Found a glowing silver altar of Zin.
  2239 | D:1      | Killed Robin
  2509 | D:2      | Reached skill level 7 in Bows
  2791 | D:2      | Reached XP level 5. HP: 46/46 MP: 5/5
  4002 | D:4      | Noticed Grinder
  4122 | D:4      | Reached skill level 1 in Polearms
  4122 | D:4      | Reached XP level 6. HP: 28/53 MP: 6/6
  4441 | D:4      | Reached skill level 8 in Bows
  4476 | D:3      | HP: 1/55 [leopard gecko (4)]
  4761 | D:4      | Reached skill level 5 in Fighting
  4956 | D:4      | Reached XP level 7. HP: 37/61 MP: 7/7
  5171 | D:4      | Found an ancient bone altar of Kikubaaqudgha.
  5171 | D:4      | Found a stormy altar of Qazlal.
  5172 | D:4      | Found an ornate altar of the Wu Jian Council.
  5217 | D:4      | Found a staircase to the Ecumenical Temple.
  5246 | Temple   | Entered the Ecumenical Temple
  5609 | D:4      | Found a sparkling altar of Nemelex Xobeh.
  5660 | D:5      | Entered Level 5 of the Dungeon
  6437 | D:5      | Reached skill level 9 in Bows
  6702 | D:5      | Found a radiant altar of Vehumet.
  6822 | D:5      | Reached XP level 8. HP: 26/70 MP: 8/8
  7814 | D:6      | Noticed Edmund
  8440 | D:6      | Reached skill level 10 in Bows
  8694 | D:6      | Found a blossoming altar of Fedhas.
  8775 | D:6      | Noticed Eustachio
  8925 | D:5      | Killed Edmund
  8925 | D:5      | Reached skill level 5 in Polearms
  9233 | D:6      | Found a runed translucent door.
  9233 | D:6      | Noticed Naeght's ghost (novice GrGl)
  9751 | D:6      | Found an iron altar of Okawaru.
  9752 | D:6      | Found a basalt altar of Yredelemnul.
  9756 | D:6      | Became a worshipper of Warmaster Okawaru
  9801 | D:6      | Found a runed translucent door.
  9802 | D:6      | Noticed Crazy Yiuf
 10249 | D:7      | Reached XP level 9. HP: 47/79 MP: 9/9
 10841 | D:7      | Noticed Joseph
 11177 | D:7      | Found a glowing golden altar of the Shining One.
 11188 | D:7      | Found a hide-covered altar of Uskayaw.
 11192 | D:7      | Noticed a +0 hand axe
 11193 | D:7      | Noticed a +0 hand axe
 11220 | D:7      | Reached skill level 11 in Bows
 11529 | D:7      | Noticed Pikel
 11916 | D:6      | Killed Pikel
 11916 | D:6      | Reached * piety under Okawaru
 12078 | D:6      | Killed Eustachio
 12311 | D:6      | Killed Crazy Yiuf
 12587 | D:7      | Noticed an oklob plant
 12957 | D:7      | Killed Joseph
 12957 | D:7      | Reached skill level 12 in Bows
 13247 | D:7      | Reached XP level 10. HP: 75/90 MP: 10/10
 13345 | D:7      | Reached ** piety under Okawaru
 14042 | D:8      | HP: 4/91 [poisoned by a killer bee]
 14047 | D:8      | HP: 1/91 [poisoned by a killer bee]
 14049 | D:8      | Succumbed to a killer bee's poison

Levels and vault maps discovered:
D:1:      nicolae_arrival_washed_ashore, layout_loops_ring,
          minmay_misc_feat_cross
D:2:      layout_loops_corners, lemuel_crystal_altar, serial_park_tiny_1,
          lemuel_old_faithful, uniq_robin
D:3:      layout_loops_cross, first_ration, minmay_misc_feat_roman
D:4:      layout_rooms, marbit_many_paths, gammafunk_temple_overflow_claw,
          minmay_temple_entry_water_ring, uniq_grinder
D:5:      layout_loops_cross, lemuel_doored_altar
D:6:      layout_gridville, gammafunk_temple_overflow_statue,
          ebering_ghost_sewer_d, fedhas_altar_fruit_tree,
          uniq_crazy_yiuf_cottage, uniq_edmund, uniq_eustachio
D:7:      lemuel_slime, layout_loops_ring, dancing_weapons_uskayaw,
          kennysheep_little_box, the_bakery, uniq_joseph, uniq_pikel
D:8:      cheibrodos_barr_body, layout_cave_pools
Temple:   nicolae_temple_x_marks_the_god

Skill      XL: |  1  2  3  4  5  6  7  8  9 10 |
---------------+-------------------------------+-----
Bows           | 6 7 8 9 10 12 | 12.4
Fighting       | 3 4 5 6 7 8 9 |  9.1
Polearms       | 1 2 3 5 7 |  7.2
Dodging        | |  1.3
Stealth        | |  0.4

Action                   |  1- 3 |  4- 6 |  7- 9 | 10-12 || total
-------------------------+-------+-------+-------+-------++-------
Melee: Short sword       |   101 |   159 |       |       ||   260
       Kick              |    17 |    59 |    96 |    21 ||   193
       Trident           |       |   106 |   454 |   114 ||   674
 Fire: Shortbow          |       |     4 |   169 |       ||   173
Invok: Heroism           |       |       |     1 |     2 ||     3
  Use: Scroll            |       |     5 |     3 |       ||     8
       Potion            |       |     5 |     3 |     1 ||     9
  Eat: Chunk             |       |    11 |    15 |     1 ||    27
       Ration            |       |       |     3 |       ||     3
Armor: Leather armour    |    45 |    40 |       |       ||    85
       Ring mail         |       |   113 |   269 |    60 ||   442
Dodge: Dodged            |    54 |   157 |   239 |    84 ||   534
